Map: Catalyst LE

Players

HydrAlisk - Winner!

  • Race: Zerg Zerg
  • League: Master
  • Spawn Location: 5:00

miked

  • Race: Protoss Protoss
  • League: Diamond
  • Spawn Location: 11:00

VOD

Have the link to the VOD?

Description

Time

  • Played on: March 22, 2018, 5:49 p.m.
  • Length: 10:48
Show
View Real Time Build Order
Export as new Build Order

HydrAlisk Zerg - Winner!

Build Orders: Hatch First 

Get SALT Encoding   

  12  0:01  Drone  
  13  0:08  Drone  
  14  0:16  Overlord  
  14  0:36  Drone x2  
  16  0:50  Hatchery  
  16  0:54  Drone  
  16  1:00  Drone  
  17  1:07  Extractor  
  16  1:13  Spawning Pool  
  16  1:16  Drone  
  16  1:20  Drone  
  17  1:37  Drone x2  
  19  1:56  Drone x2  
  21  2:03  Queen  
  23  2:10  Zergling x2  
  23  2:11  Zergling x2  
  23  2:12  Queen  
  27  2:21  Metabolic Boost  
  27  2:25  Drone  
  28  2:34  Overlord x2  
  28  2:52  Queen  
  28  2:54  Drone  
  28  2:55  Drone x4  
  35  3:03  Drone  
  36  3:08  Drone x2  
  38  3:19  Drone x2  
  40  3:26  Hatchery  
  39  3:32  Drone  
  39  3:33  Drone x3  
  43  3:40  Lair, Extractor  
  42  3:44  Drone, Evolution Chamber  
  42  3:49  Drone x2  
  44  3:56  Overlord x2  
  44  4:04  Overlord  
  44  4:05  Overlord  
  44  4:11  Zerg Melee Weapons Level 1  
  44  4:17  Baneling Nest  
  44  4:21  Drone x6  
  49  4:30  Drone  
  50  4:40  Queen  
  50  4:41  Extractor  
  50  4:44  Drone  
  50  4:45  Hydralisk Den  
  51  4:57  Drone x2  
  51  4:58  Drone x6  
  58  5:02  Overlord x3  
  57  5:10  Zergling x10  
  62  5:17  Drone  
  62  5:20  Zergling x6  
  66  5:24  Grooved Spines  
  66  5:25  Zergling x2  
  66  5:26  Centrifical Hooks  
  67  5:38  Zergling x8  
  67  5:42  Overlord x3  
  70  5:56  Zergling x2  
  72  5:57  Zergling x14  
  74  6:08  Zerg Melee Weapons Level 2  
  74  6:09  Hydralisk  
  74  6:10  Hydralisk x3  
  82  6:13  Zergling x8  
  86  6:18  Baneling x4  
  86  6:19  Baneling x2  
  86  6:28  Zergling x6  
  86  6:31  Hydralisk x2  
  93  6:37  Zergling x2  
  94  6:40  Zergling x6  
  97  6:51  Zergling x2  
  97  6:52  Zergling x12  
  103  6:57  Drone  
  104  7:05  Drone x2  
  106  7:08  Muscular Augments  
  106  7:10  Drone x4  
  106  7:13  Hatchery  
  109  7:17  Drone x3  
  109  7:18  Drone  
  109  7:21  Baneling x5  
  109  7:22  Baneling x3  
  113  7:24  Overlord x4  
  113  7:40  Extractor  
  113  7:42  Extractor  
  113  7:43  Overseer  
  111  7:48  Zergling x24  
  111  7:50  Baneling x2  
  111  7:51  Baneling x6  
  123  7:54  Drone  
  123  7:55  Drone x2  
  94  8:22  Zergling x16  
  94  8:23  Zergling x14  
  106  8:35  Zergling x8  
  106  8:39  Zergling x2  
  106  8:40  Zergling x4  
  110  8:44  Zergling x2  
  110  8:45  Zergling x10  
  110  8:47  Zergling x2  
  111  8:49  Queen  
  106  9:14  Hydralisk  
  106  9:15  Hydralisk x10  
  126  9:28  Baneling x4  
  126  9:29  Baneling  
  124  9:34  Hydralisk  
  124  9:35  Hydralisk x8  
  141  9:42  Baneling x3  
  115  10:10  Zergling x2  
  115  10:11  Zergling x24  
  116  10:29  Zergling x2  
Show
View Real Time Build Order
Export as new Build Order

miked Protoss 

Build Orders: Forge Fast Expand (FFE) 

Get SALT Encoding   

  12  0:00  Probe  
  13  0:12  Probe  
  14  0:20  Pylon  
  14  0:25  Probe  
  15  0:38  Probe  
  15  0:42  Forge  
  16  0:50  Probe  
  17  1:03  Probe  
  18  1:15  Probe  
  19  1:20  Pylon  
  19  1:28  Probe  
  19  1:31  Nexus  
  20  1:40  Probe  
  21  1:48  Pylon  
  21  1:52  Gateway  
  21  1:56  Probe  
  22  2:06  Assimilator  
  22  2:08  Probe  
  23  2:10  Assimilator  
  23  2:20  Probe  
  23  2:21  Photon Cannon  
  24  2:32  Probe  
  25  2:43  Cybernetics Core  
  25  2:44  Zealot (Chrono Boost)  
  25  2:46  Probe x2  
  29  2:57  Pylon  
  29  2:58  Probe x2  
  31  3:02  Zealot (Chrono Boost)  
  31  3:04  Protoss Ground Weapons Level 1 (Chrono Boost)  
  33  3:10  Probe x2  
  35  3:22  Probe x2  
  35  3:23  Pylon, Warp Gate  
  37  3:29  Stalker  
  39  3:34  Probe x2  
  41  3:43  Twilight Council  
  41  3:46  Probe x2  
  41  3:48  Assimilator  
  43  3:50  Assimilator  
  43  3:58  Probe x2  
  43  3:59  Stalker  
  47  4:10  Probe  
  47  4:11  Probe  
  47  4:12  Pylon  
  49  4:17  Pylon  
  49  4:22  Probe  
  49  4:23  Probe  
  51  4:27  Templar Archives  
  51  4:32  Adept  
  51  4:35  Probe x2, Resonating Glaives  
  55  4:47  Probe x2  
  55  4:50  Protoss Ground Armor Level 1 (Chrono Boost)  
  55  4:51  Pylon  
  57  4:56  Pylon  
  57  4:59  Probe x2  
  59  5:13  Nexus  
  59  5:16  Pylon  
  59  5:18  Pylon  
  59  5:19  Psionic Storm, Probe x2  
  61  5:28  Adept  
  63  5:31  Probe x2  
  65  5:43  Probe x2  
  65  5:49  Robotics Facility  
  67  5:52  Pylon  
  67  5:55  Probe x2  
  65  6:04  Adept  
  65  6:07  Probe  
  65  6:08  Probe  
  69  6:19  Probe  
  69  6:20  Probe  
  69  6:25  Gateway  
  71  6:26  Gateway  
  71  6:28  Gateway  
  71  6:31  Gateway  
  71  6:32  Gateway, Probe x2  
  73  6:33  Protoss Ground Weapons Level 2 (Chrono Boost), Probe  
  73  6:36  Stalker  
  76  6:43  Assimilator  
  76  6:44  Probe x2  
  76  6:45  Probe  
  79  6:48  Assimilator  
  79  6:50  Photon Cannon  
  79  6:56  Observer  
  79  7:00  High Templar  
  82  7:04  Probe (Chrono Boost)  
  82  7:07  Charge  
  85  7:10  Probe x2 (Chrono Boost)  
  85  7:14  Probe (Chrono Boost)  
  86  7:18  Probe x2 (Chrono Boost), Observer  
  86  7:19  Probe (Chrono Boost)  
  90  7:26  Gateway  
  90  7:28  High Templar x3, Probe x2  
  90  7:29  Gateway  
  98  7:30  Pylon, Probe  
  98  7:33  Zealot  
  101  7:47  Observer  
  101  7:48  Robotics Bay  
  102  7:51  Pylon  
  102  7:55  Pylon, Zealot x3  
  108  8:03  Pylon  
  108  8:07  Shield Battery  
  108  8:08  Shield Battery  
  102  8:13  Archon  
  102  8:15  Zealot x4  
  102  8:16  Zealot x2  
  82  8:31  High Templar x2  
  69  8:37  Zealot  
  69  8:38  Zealot x3  
  69  8:40  Zealot x2  
  68  8:54  Probe x3  
  65  8:59  Zealot x3  
  65  9:00  Zealot  
  65  9:02  High Templar x2  
  77  9:04  High Templar  
  77  9:05  High Templar  
  77  9:06  Probe x3  
  84  9:14  Cybernetics Core  
  63  9:20  Probe x2  
  63  9:23  Zealot x2  
  63  9:24  Zealot  
  53  9:29  Pylon  
  53  9:30  Pylon  
  51  9:32  Probe  
  51  9:35  Zealot x2  
  55  9:39  Probe  
  55  9:44  Probe  
  61  9:51  Probe  
  51  9:56  Probe  
  44  10:03  Probe  
  44  10:04  Archon  
  44  10:07  High Templar, Zealot x2  
  44  10:08  Zealot x2  
  51  10:14  Archon  
  51  10:17  Probe x2  
  51  10:29  Probe x2  
Tags
 
Add a new tag
Caveats
  • Supply blocks, unpowered buildings, or Contaminate may cause inaccurate times.
  • Supply counts are checked every 10 seconds.